 Dungeon Crawl Stone Soup version 0.32-a0-422-g28b100f618 (webtiles) character file.

Game seed: 8074461012690278931

30566 cforsyth the Fighter (level 13, -16/111 HPs)
             Began as a Coglin Gladiator on Feb 21, 2024.
             Was a High Priest of Wu Jian.
             Demolished by a two-headed ogre
             ... wielding a +0 giant club of flaming
              (27 damage)
             ... in a volcano.
             The game lasted 00:34:50 (15426 turns).

cforsyth the Fighter (Coglin Gladiator)            Turns: 15426, Time: 00:34:51

Health: -16/111    AC: 23    Str: 15    XL:     13   Next: 52%
Magic:  13/13      EV: 15    Int:  8    God:    Wu Jian [*****.]
Gold:   1546       SH:  5    Dex: 20    Spells: 12/12 levels left

rFire   . . .        p - +0 long sword (elec) {Malki}
rCold   . . .        a - +1 long sword (chaos) {Surjit}
rNeg    + . .        i - +1 pearl dragon scales
rPois   .            c - +0 helmet
rElec   .            (no cloak)
rCorr   .            s - +0 pair of gloves
SInv    .            (no boots)
Will    .....        I - amulet of reflection Stlth
                     E - +5 ring of evasion
HPRegen 0.38/turn    T - +4 ring of protection
MPRegen 0.13/turn

%: reflection
@: immotile, revved
A: off-hand wielding, slow wielding, warmup strikes, legs shutdown
a: Renounce Religion, Wall Jump, Serpent's Lash, Heavenly Storm


You were in a volcano.
You worshipped Wu Jian.
Wu Jian was extremely pleased with you.
You visited 3 branches of the dungeon, and saw 15 of its levels.
You also visited: Ossuary, Bailey, Ice Cave and Volcano.

You collected 1546 gold pieces.


Innate Abilities, Weirdness & Mutations

You can wield a second weapon in your off-hand.
It takes a long time for you to wield or remove held weapons.
Your first few attacks do less damage.
Attacking and casting redirects power from your legs.


   Skills:
 + Level 13.5 Fighting
 + Level 13.4 Long Blades
 - Level 1.7 Throwing
 + Level 12.0 Armour
 - Level 2.6 Dodging


You had 12 spell levels left.
You didn't know any spells.
Your spell library contained the following spells:

 Spells                   Type           Power      Damage    Failure   Level
 Apportation              Tloc           0%         N/A       83%         1
 Necrotise                Necr           0%         1d4       83%         1
 Sandblast                Erth           0%         2d4       83%         1
 Sting                    Conj/Alch      0%         1d3       83%         1
 Summon Small Mammal      Summ           0%         N/A       83%         1
 Passwall                 Erth           0%         N/A       99%         3
 Stone Arrow              Conj/Erth      0%         3d7       99%         3
 Animate Dead             Necr           0%         N/A       100%        4
 Brom's Barrelling Bould  Conj/Erth      0%         2d3       100%        4
 Ignite Poison            Fire/Alch      0%         N/A       100%        4
 Leda's Liquefaction      Alch/Erth      0%         N/A       100%        4
 Sticky Flame             Fire/Alch      0%         2d4       100%        4
 Borgnjor's Vile Clutch   Necr/Erth      0%         N/A       100%        5
 Lee's Rapid Deconstruct  Erth           0%         3d4*      100%        5
 Bombard                  Conj/Erth      0%         9d1       100%        6
 Death Channel            Necr           0%         N/A       100%        6
 Ignition                 Fire           0%         3d3       100%        8

Inventory:

Hand Weapons
 a - a +1 long sword of chaos (offhand) {Surjit}
 p - a +0 long sword of electrocution (weapon) {Malki}
Missiles
 d - 3 throwing nets (quivered) {=f}
 F - 5 silver javelins
 L - 4 atropa-tipped darts
 S - a javelin
Armour
 c - a +0 helmet (worn)
 i - +1 pearl dragon scales (worn)
 s - a +0 pair of gloves (worn)
 u - a +0 pair of boots
 M - the +0 scale mail of Xueprilug {rC+}
   (You took it off a kobold in a bailey)

   rC+:       It protects you from cold.
 P - the +0 plate armour "Fahada" {rF+}
   (You found it on level 8 of the Dungeon)

   rF+:       It protects you from fire.
 R - a +0 cloak
 V - +0 ice dragon scales
Magical Staves
 f - a staff of air {!a}
 U - a staff of earth {!a}
Jewellery
 e - a +5 ring of evasion
 z - an amulet of guardian spirit
 C - a ring of protection from cold
 D - a +6 ring of dexterity
 E - a +5 ring of evasion (left grasper)
 I - an amulet of reflection (around neck)
 Q - an amulet of the acrobat
 T - a +4 ring of protection (right grasper)
 W - the ring "Nocodiff" {rPois rC- rN+ rCorr Str+6}
   (You found it in an ice cave)

   [ring of strength]

   Str+6:     It affects your strength (+6).
   rC-:       It makes you vulnerable to cold.
   rPois:     It protects you from poison rN+: It protects you from negative
   energy.
   rCorr:     It protects you from acid and corrosion.
Wands
 b - a wand of charming (24)
 B - a wand of iceblast (6)
 G - a wand of flame (11)
 H - a wand of acid (1)
 N - a wand of mindburst (46)
 O - a wand of polymorph (7)
Scrolls
 g - 3 scrolls of enchant armour
 j - 4 scrolls of teleportation {@r2}
 q - a scroll of vulnerability
 t - 5 scrolls of enchant weapon
 w - 2 scrolls of fog
 y - 2 scrolls of immolation
 K - a scroll of poison
 X - a scroll of identify {@r1}
Potions
 h - a potion of magic
 k - a potion of resistance
 l - 4 potions of mutation
 m - 8 potions of curing {@q1}
 n - a potion of lignification {unknown}
 o - 4 potions of cancellation
 r - a potion of enlightenment
 v - a potion of invisibility
 x - 5 potions of haste {@q3}
 A - a potion of brilliance
 J - a potion of ambrosia
 Z - 5 potions of attraction
Miscellaneous
 Y - a tin of tremorstones (2/2)

Dungeon Overview and Level Annotations

Branches:
Dungeon (13/15)            Temple (1/1) D:4            Lair (1/5) D:8
    Orc (0/2) D:10         Vaults (0/5) D:13        Ossuary (visited)
 Bailey (visited)           IceCv (visited)         Volcano (1/1)

Altars:
Ashenzari
Cheibriados
Dithmenos
Elyvilon
Fedhas
Gozag
Hepliaklqana
Kikubaaqudgha
Makhleb
Nemelex Xobeh
Okawaru
Qazlal
Ru
Sif Muna
Trog
Uskayaw
Vehumet
Wu Jian
Xom
Yredelemnul
Zin
The Shining One

Shops:
D:3 =   D:10 (((   D:12 *

Annotations:
D:8 4 runed translucent doors
D:13 Rupert

≈≈§§§.....§≈###
#§§§.....≈≈#
#≈≈≈ß...ß≈##
####.....##
#.....# #ß...ß#
#.....# #...O.#
#ß.)@ß# #..)..#
#...).# #ß...ß#
#.....# #.....#
#ß.).ß# ##...##
##∩##


You could see a neutral two-headed ogre (fast, strong, frenzied, corroded).


Message History

You hit the two-headed ogre with your +0 long sword of electrocution.
Lightning courses through the two-headed ogre!
You kill the two-headed ogre!
The Council accepts your kill. The two-headed ogre barely misses you.
The two-headed ogre hits you with a +0 giant club of flaming!
* * * LOW HITPOINT WARNING * * *
The two-headed ogre burns you.
* * * LOW HITPOINT WARNING * * *
Unknown command.
Unknown command.
You spin and attack the two-headed ogre.
You hit the two-headed ogre with your +1 long sword of chaos.
You feel better.
The two-headed ogre is moderately wounded.
You hit the two-headed ogre with your +0 long sword of electrocution.
Lightning courses through the two-headed ogre!
The two-headed ogre hits you with a +0 giant club of flaming!!
* * * LOW HITPOINT WARNING * * *
The two-headed ogre burns you.
* * * LOW HITPOINT WARNING * * *
The two-headed ogre barely misses you.
You feel better. The two-headed ogre misses you.
The two-headed ogre closely misses you.
You hit the two-headed ogre with your +1 long sword of chaos.
The acid corrodes the two-headed ogre!
The two-headed ogre is severely wounded.
You slash the two-headed ogre with your +0 long sword of electrocution!
The two-headed ogre hits you with a +0 giant club of flaming!!
You die...

Skill      XL: |  1  2  3  4  5  6  7  8  9 10 11 12 13 |
---------------+----------------------------------------+-----
Armour         | 1 2 3 4 5 7 8 10 11 12 | 12.0
Fighting       | 3 4 5 6 8 9 11 12 13 | 13.5
Long Blades    | 4 5 7 8 9 11 12 13 | 13.4
Throwing       | |  1.7
Dodging        | |  2.6

Action                     |  1- 3 |  4- 6 |  7- 9 | 10-12 | 13-15 || total
---------------------------+-------+-------+-------+-------+-------++-------
  Melee: Long sword        |    78 |    64 |   270 |   672 |   172 ||  1256
         Dagger            |     7 |       |       |       |       ||     7
         Short sword       |       |    65 |   253 |   640 |    62 ||  1020
Ability: Lunge             |       |       |     2 |    39 |     7 ||    48
         Whirlwind         |       |       |       |    70 |    12 ||    82
  Evoke: Wand              |       |       |     7 |    13 |     8 ||    28
    Use: Scroll            |       |     6 |     5 |    15 |       ||    26
         Potion            |       |       |       |     2 |     3 ||     5
   Stab: Sleeping          |     1 |       |       |       |       ||     1
         Petrified         |       |       |     9 |       |       ||     9
         Petrifying        |       |       |     2 |     4 |       ||     6
         Held in net/web   |       |       |       |     3 |       ||     3
         Confused          |       |       |       |    17 |     6 ||    23
         Paralysed         |       |       |       |     6 |       ||     6
 Armour: Leather armour    |     7 |       |       |       |       ||     7
         Pearl dragon scal |    46 |    40 |   135 |   372 |    49 ||   642
         Ice dragon scales |       |       |       |    21 |       ||    21
         Scale mail        |       |       |       |     3 |       ||     3
  Dodge: Dodged            |    56 |    36 |   162 |   430 |    50 ||   734
  Block: Other             |       |       |    16 |   130 |    16 ||   162
         Reflection        |       |       |       |     6 |       ||     6

Levels and vault maps discovered:
D:1:      psy_arrival_radial01, layout_rooms, patterned_corridor
D:2:      layout_basic
D:3:      layout_loops_cross, mainiacjoe_overflow_six_doors_small,
          hellmonk_ecumenical_altar_blasted, nicolae_shop_unique_rings,
          uniq_grinder
D:4:      layout_loops_corners, minmay_temple_entry_statues_fountains,
          serial_demonic, serial_demonic_f, serial_demonic_d, serial_demonic_a,
          serial_demonic_e, serial_demonic_f, serial_demonic_a, enter_ossuary_5
D:5:      layout_gridville, uniq_crazy_yiuf_cottage
D:6:      layout_loops_ring, chequers_temple_overflow_minitemple,
          minmay_misc_feat_four_crosses, uniq_blork_the_orc
D:7:      layout_loops_corners, nicolae_hepliaklqana_hazy_memory,
          nicolae_wu_jian_wuxing_cycle, xom_teletrap_fun, enter_bailey_5,
          minmay_misc_feat_doors, chequers_decorated_corner, uniq_maggie,
          uniq_prince_ribbit1, uniq_jeremiah
D:8:      layout_basic, hellmonk_lair_entry_icy, roderic_roman_lattice,
          minmay_hollow_rounded_squares, uniq_maurice
D:9:      cheibrodos_two_vegetables, layout_loops_corners,
          mainiacjoe_overflow_large_starburst
D:10:     layout_rooms, orc_0_dummy, serial_shops, nicolae_shop_tiny_waterfront,
          shop, shop
D:11:     layout_loops_corners, portal_ice_cave_entry_pillars_2,
          nicolae_uskayaw_en_pointe
D:12:     layout_roguey, serial_glass, glass_columns_a, glass_columns_a,
          glass_columns_b, glass_columns_c, glass_columns_b, glass_columns_b,
          glass_columns_a, glass_columns_b, glass_columns_c, glass_columns_a,
          glass_columns_c, glass_columns_a, glass_columns_b, glass_columns_b,
          ebering_dispersal_statue_hall, nicolae_shop_fire_sale
          [nicolae_sub_dead_trees]
D:13:     layout_basic, hellmonk_vaults_order_and_chaos, tgw_trog, uniq_lodul,
          uniq_rupert
Temple:   chequers_temple_sunken
Lair:1:   layout_chaotic_city, enter_volcano_4, serial_bayou_pond_d,
          grunt_megastairs_5, serial_bayou_shore_a
Volcano:  kennysheep_volcano_temple

Notes
Turn   | Place    | Note
-------+----------+-------------------------------------------
     0 | D:1      | cforsyth the Coglin Gladiator began the quest for the Orb.
     0 | D:1      | Reached XP level 1. HP: 16/16 MP: 1/1
    86 | D:1      | Reached XP level 2. HP: 22/22 MP: 2/2
   161 | D:1      | Reached skill level 1 in Armour
   260 | D:1      | Reached XP level 3. HP: 25/28 MP: 3/3
   261 | D:1      | Identified +0 pearl dragon scales
   713 | D:2      | Reached XP level 4. HP: 34/34 MP: 4/4
   909 | D:2      | Reached skill level 3 in Fighting
  1154 | D:3      | Reached skill level 2 in Armour
  1240 | D:3      | Reached XP level 5. HP: 36/41 MP: 5/5
  1295 | D:3      | Found Xoschiuna's One-of-a-Kind Rings.
  1315 | D:3      | Found a faded altar of an unknown god.
  1395 | D:3      | Reached skill level 4 in Long Blades
  1590 | D:3      | Found an opulent altar of Gozag.
  1605 | D:3      | Noticed Grinder
  1613 | D:3      | Killed Grinder
  1614 | D:3      | Reached skill level 4 in Fighting
  1614 | D:3      | Reached skill level 3 in Armour
  1614 | D:3      | Reached XP level 6. HP: 41/48 MP: 4/6
  1957 | D:4      | Found a staircase to the Ecumenical Temple.
  1960 | Temple   | Entered the Ecumenical Temple
  2161 | D:4      | Found a sand-covered staircase.
  2166 | Ossuary  | Entered an ossuary
  2194 | Ossuary  | Reached skill level 5 in Long Blades
  2194 | Ossuary  | Reached XP level 7. HP: 54/55 MP: 5/7
  2271 | Ossuary  | Reached skill level 5 in Fighting
  2296 | Ossuary  | Reached skill level 4 in Armour
  2335 | Ossuary  | Reached XP level 8. HP: 61/63 MP: 8/8
  2385 | Ossuary  | Reached skill level 6 in Long Blades
  2917 | D:4      | You fall into a shaft and drop 2 floors!
  2928 | D:5      | Entered Level 5 of the Dungeon
  2943 | D:5      | Reached skill level 6 in Fighting
  2978 | D:5      | Reached skill level 5 in Armour
  3813 | D:5      | Reached skill level 7 in Long Blades
  3830 | D:5      | Reached XP level 9. HP: 71/71 MP: 9/9
  4077 | D:5      | Reached skill level 7 in Fighting
  4300 | D:5      | Reached skill level 6 in Armour
  4862 | D:6      | Found a stormy altar of Qazlal.
  4862 | D:6      | Found a shadowy altar of Dithmenos.
  4870 | D:6      | Found a hide-covered altar of Uskayaw.
  4872 | D:6      | Found a glowing silver altar of Zin.
  4874 | D:6      | Found an iron altar of Okawaru.
  5105 | D:6      | Noticed Blork the orc
  5107 | D:6      | Killed Blork the orc
  5331 | D:7      | Found a shimmering altar of Xom.
  5339 | D:7      | Noticed Maggie
  5350 | D:7      | Killed Maggie
  5418 | D:7      | Found a hazy altar of Hepliaklqana.
  5429 | D:7      | Reached skill level 8 in Long Blades
  5483 | D:7      | Found an ornate altar of the Wu Jian Council.
  5491 | D:7      | Became a worshipper of the Wu Jian Council
  5520 | D:7      | Noticed Jeremiah
  5528 | D:7      | Killed Jeremiah
  5529 | D:7      | Reached skill level 8 in Fighting
  5533 | D:7      | Reached skill level 7 in Armour
  5577 | D:7      | Reached XP level 10. HP: 81/81 MP: 10/10
  5589 | D:7      | Noticed Prince Ribbit
  5598 | D:7      | Killed Prince Ribbit
  5616 | D:7      | Found a flagged portal.
  5639 | Bailey   | Entered a bailey
  5670 | Bailey   | Reached * piety under Wu Jian
  5676 | Bailey   | Identified the +0 scale mail of Xueprilug {rC+}
  5750 | Bailey   | Noticed an orc knight
  5779 | Bailey   | Killed an orc knight
  5780 | Bailey   | Reached skill level 9 in Long Blades
  5801 | Bailey   | Found an iron altar of Okawaru.
  5806 | Bailey   | Reached skill level 9 in Fighting
  6688 | D:8      | Reached skill level 8 in Armour
  6689 | D:8      | Noticed a two-headed ogre
  6712 | D:7      | Killed a two-headed ogre
  6913 | D:8      | Found a staircase to the Lair.
  6952 | D:8      | Reached XP level 11. HP: 90/90 MP: 11/11
  7148 | D:8      | Reached ** piety under Wu Jian
  7149 | D:8      | Reached skill level 10 in Long Blades
  7165 | D:8      | Identified the +2 sling "Rairphom" {freeze, rF- Str+6}
  7183 | D:8      | Reached skill level 10 in Fighting
  7260 | D:8      | Found a large runed translucent door.
  7260 | D:8      | Found a large runed translucent door.
  7370 | D:8      | Noticed Maurice
  7488 | D:8      | Found a large runed translucent door.
  7488 | D:8      | Found a large runed translucent door.
  7538 | D:8      | Identified the +0 plate armour "Fahada" {rF+}
  7662 | D:8      | Something stole an amulet of guardian spirit
  7664 | D:8      | Something stole 755 gold
  7665 | D:8      | Killed Maurice
  8051 | D:9      | Reached skill level 9 in Armour
  8439 | D:9      | Found a bloodstained altar of Trog.
  8459 | D:9      | Found a burning altar of Makhleb.
  8511 | D:9      | Noticed a two-headed ogre
  8520 | D:9      | Killed a two-headed ogre
  8837 | D:9      | Noticed a white ugly thing
  8852 | D:9      | Killed a white ugly thing
  9416 | D:9      | Identified a scroll of acquirement
  9417 | D:9      | Acquired 415 gold pieces
  9435 | D:10     | Entered Level 10 of the Dungeon
  9531 | D:9      | Reached *** piety under Wu Jian
  9753 | D:9      | Reached skill level 11 in Long Blades
  9756 | D:9      | Reached skill level 11 in Fighting
 10044 | D:10     | Found Polel's Antique Weapon Boutique.
 10046 | D:10     | Found Foxte's Antique Weapon Shoppe.
 10126 | D:10     | Noticed a two-headed ogre
 10133 | D:10     | Killed a two-headed ogre
 10189 | D:10     | Reached skill level 10 in Armour
 10210 | D:10     | Reached XP level 12. HP: 97/100 MP: 12/12
 10229 | D:10     | Identified a potion of resistance
 10281 | D:10     | Found a staircase to the Orcish Mines.
 10412 | D:10     | Found Xiurch's Antique Weapon Boutique.
 10514 | D:11     | Found a frozen archway.
 10538 | IceCv    | Entered an ice cave
 10688 | IceCv    | Found a transporter.
 10826 | IceCv    | Found a transporter.
 11415 | IceCv    | Identified the ring "Nocodiff" {rPois rC- rN+ rCorr Str+6}
 12048 | D:11     | Noticed a +0 short sword
 12049 | D:11     | Noticed a +0 spear
 12050 | D:11     | Noticed a +0 short sword
 12050 | D:11     | Noticed a +0 dagger
 12050 | D:11     | Noticed a +0 spear
 12050 | D:11     | Noticed a +0 dagger
 12052 | D:11     | Found a hide-covered altar of Uskayaw.
 12663 | D:12     | Reached skill level 12 in Fighting
 12663 | D:12     | Reached skill level 12 in Long Blades
 12891 | D:12     | Reached **** piety under Wu Jian
 12981 | D:12     | Noticed a sun demon
 13478 | D:12     | Reached skill level 11 in Armour
 13632 | D:12     | Found Qaul's Fire Supplies.
 13997 | D:13     | Noticed Rupert
 13998 | D:13     | Paralysed by Rupert for 3 turns
 14102 | D:13     | Reached XP level 13. HP: 72/109 MP: 13/13
 14134 | D:13     | Reached skill level 13 in Fighting
 14151 | D:13     | Reached skill level 13 in Long Blades
 14190 | D:13     | HP: 8/111 [skeletal warrior/+0 war axe (16)]
 14443 | D:13     | Found a gate to the Vaults.
 14444 | D:13     | Noticed a vault guard
 14476 | D:13     | Killed a vault guard
 14847 | D:13     | Found a bloodstained altar of Trog.
 15300 | Lair:1   | Entered Level 1 of the Lair of Beasts
 15312 | Lair:1   | Found a dark tunnel.
 15317 | Volcano  | Entered a volcano
 15420 | Volcano  | Reached ***** piety under Wu Jian
 15421 | Volcano  | Reached skill level 12 in Armour
 15424 | Volcano  | HP: 8/111 [two-headed ogre/+0 giant club of flaming (22)]
 15426 | Volcano  | Demolished by a two-headed ogre

Vanquished Creatures
  A vault guard (D:13)
  A centaur warrior (D:13)
  7 two-headed ogres
  9 skeletal warriors
  A glowing orange brain (D:13)
  An arcanist (D:13)
  An orc knight (Bailey)
  A deep elf pyromancer (D:12)
  A manticore (D:12)
  3 ugly things
  3 meliai (D:13)
  2 ice statues (IceCv)
  Maggie (D:7)
  Jeremiah (D:7)
  2 unseen horrors
  A rime drake (D:7)
  5 kobold demonologists
  A komodo dragon (D:11)
  A freezing wraith (IceCv)
  7 trolls
  Grinder (D:3)
  Prince Ribbit (D:7)
  A glass eye (shapeshifter) (D:8)
  A vampire (D:12)
  4 wraiths
  12 yaks
  A basilisk (D:13)
  2 vampire mosquitoes (D:12)
  A steam dragon (D:8)
  A water moccasin (D:4)
  3 acid dragons
  9 orc warriors
  A black bear (D:5)
  3 ice beasts
  3 sky beasts
  2 ogres (D:5)
  4 wolves
  3 centaurs
  A phantom (D:5)
  A weeping skull (Ossuary)
  9 kobold brigands
  A gnoll sergeant (D:10)
  Blork the orc (D:6)
  4 bullfrogs
  A scorpion (D:5)
  7 water moccasin zombies (Ossuary)
  2 jellies (D:5)
  17 killer bees
  6 electric eels (D:9)
  3 howler monkeys (D:11)
  2 bombardier beetles
  2 quasits (D:4)
  8 hounds
  A gnoll bouda (D:10)
  3 orc priests
  2 sleepcaps
  13 orc wizards
  2 wolf simulacra (IceCv)
  2 crocodile zombies (Ossuary)
  2 mummies (Ossuary)
  18 gnolls
  7 adders
  2 shadow imps
  4 white imps
  4 ufetubi (D:4)
  3 adder zombies (Ossuary)
  4 dart slugs
  2 ribbon worms (D:13)
  39 orcs
  3 bats
  3 endoplasms
  2 giant cockroaches
  7 goblins
  5 hobgoblins
  10 jackals
  20 kobolds
  6 quokkas
  4 ball pythons
  3 frilled lizards
  14 gnoll zombies (Ossuary)
  5 jackal zombies (Ossuary)
  3 orc zombies (Ossuary)
  9 rats
370 creatures vanquished.

Vanquished Creatures (others)
  Maurice (D:8)
  An orc (D:6)
2 creatures vanquished.

Grand Total: 372 creatures vanquished

Table legend: (Time is in decaauts)
 A = Elapsed time spent in this place.
 B = Non-inter-level travel time spent in this place.
 C = Inter-level travel time spent in this place.
 D = Time resting spent in this place.
 E = Time spent auto-exploring this place.
 F = Levels seen in this place.
 G = Mean time per level.
                   A        B        C        D        E       F      G
               +--------+--------+--------+--------+--------+-----+--------+
         Total |  15275 |  14820 |    455 |   2326 |   9196 |  19 |  803.9 |
       Dungeon |  13484 |  13029 |    455 |   1252 |   9024 |  13 | 1037.2 |
        Temple |      1 |      1 |      0 |      0 |      0 |   1 |    1.0 |
          Lair |     16 |     16 |      0 |      0 |      0 |   1 |   16.0 |
       Ossuary |    257 |    257 |      0 |      0 |    126 |   1 |  257.0 |
        Bailey |    420 |    420 |      0 |    198 |     40 |   1 |  420.0 |
      Ice Cave |    986 |    986 |      0 |    848 |      6 |   1 |  986.0 |
       Volcano |    107 |    107 |      0 |     28 |      0 |   1 |  107.0 |
               +--------+--------+--------+--------+--------+-----+--------+

Top non-repeatable levels by time:
     D:9: 2049 daAuts
    D:12: 1491 daAuts
     D:5: 1298 daAuts
    D:13: 1150 daAuts
     D:8: 1103 daAuts
     D:7: 1085 daAuts
    D:11: 1059 daAuts
   IceCv: 986 daAuts
     D:4: 980 daAuts
     D:6: 829 daAuts
     D:3: 799 daAuts
     D:1: 717 daAuts
    D:10: 470 daAuts
     D:2: 450 daAuts
  Bailey: 420 daAuts

Table legend:
 A = Non-vault XP
 B = Vault XP
 C = Vault XP percentage of total XP
 D = Non-vault monster count
 E = Vault monster count
 F = Vault count percentage of total count
                 A         B        C        D         E       F
            +---------+---------+-------+---------+---------+-------
      Total |   29287 |   14379 |  32.9 |     259 |     113 |  30.4
            +---------+---------+-------+---------+---------+-------
        D:1 |      78 |       0 |   0.0 |      27 |       0 |   0.0
        D:2 |      51 |       0 |   0.0 |      10 |       0 |   0.0
        D:3 |     110 |     268 |  70.9 |      17 |       1 |   5.6
        D:4 |     267 |     155 |  36.7 |      12 |       8 |  40.0
        D:5 |    1022 |       0 |   0.0 |      22 |       0 |   0.0
        D:6 |     363 |      92 |  20.2 |      13 |       1 |   7.1
        D:7 |    1801 |    1594 |  47.0 |      19 |       9 |  32.1
        D:8 |     852 |    1852 |  68.5 |      28 |      11 |  28.2
        D:9 |    4582 |    1122 |  19.7 |      34 |       9 |  20.9
       D:10 |    1843 |       0 |   0.0 |      22 |       0 |   0.0
       D:11 |    1737 |       0 |   0.0 |      11 |       0 |   0.0
       D:12 |    7397 |       0 |   0.0 |      20 |       0 |   0.0
       D:13 |    9184 |    1594 |  14.8 |      24 |       7 |  22.6
    Ossuary |       0 |     832 | 100.0 |       0 |      37 | 100.0
     Bailey |       0 |    1725 | 100.0 |       0 |      20 | 100.0
      IceCv |       0 |    1838 | 100.0 |       0 |       6 | 100.0
    Volcano |       0 |    3307 | 100.0 |       0 |       4 | 100.0
            +---------+---------+-------+---------+---------+-------
